 Dungeon Crawl Stone Soup version 0.30.1-11-g7821555f0a (webtiles) character file.

Game seed: 9194322126755271848

5464 groovy9 the Cleaver (level 10, -1/93 HPs)
             Began as a Minotaur Berserker on Jan 13, 2024.
             Was a High Priest of Trog.
             Slain by a gnoll sergeant
             ... wielding a +0 halberd
              (5 damage)
             ... in a bailey.
             The game lasted 00:19:36 (6953 turns).

groovy9 the Cleaver (Minotaur Berserker)            Turns: 6953, Time: 00:19:37

Health: -1/93      AC: 29    Str: 27    XL:     10   Next: 41%
Magic:  0/9        EV:  8    Int:  8    God:    Trog [*****.]
Gold:   543        SH:  0    Dex:  9    Spells: 9/9 levels left

rFire   . . .        a - +3 war axe (vamp)
rCold   . . .        (no shield)
rNeg    . . .        n - +8 plate armour of Xainnoap {+Inv Int+4 Stlth+}
rPois   .            b - +0 hat
rElec   .            o - +0 cloak
rCorr   .            (no gloves)
SInv    .            (no boots)
Will    .....        j - amulet of guardian spirit Stlth
                     c - +4 ring of protection
HPRegen 0.35/turn    (no ring)
MPRegen 0.11/turn

%: guardian spirit
@: about to teleport, weakened, on berserk cooldown, slowed, very slow
A: horns 2, retaliatory headbutt, claws 1, iridescent scales 1
a: Renounce Religion, Evoke Invisibility, Berserk, Trog's Hand, Brothers in Arms


You were in a bailey.
You worshipped Trog.
Trog was extremely pleased with you.
You visited 1 branch of the dungeon, and saw 9 of its levels.
You also visited: Bailey.

You collected 543 gold pieces.

Inventory:

Hand Weapons
 a - a +3 vampiric war axe (weapon)
 p - a +3 dire flail
Missiles
 m - 3 throwing nets (quivered)
Armour
 b - a +0 hat (worn)
 n - the +8 plate armour of Xainnoap (worn) {+Inv Int+4 Stlth+}
   (You acquired it on level 5 of the Dungeon)

   Int:       It affects your intelligence (+4).
   +Inv:      It lets you turn invisible.
   Stlth:     It makes you more stealthy.
 o - a +0 cloak (worn)
Jewellery
 c - a +4 ring of protection (left claw)
 j - an amulet of guardian spirit (around neck)
 q - a ring of ice
Wands
 h - a wand of flame (14)
 s - a wand of charming (6)
Scrolls
 k - a scroll of enchant armour
 l - 3 scrolls of teleportation
 r - 2 scrolls of identify
 u - a scroll of fear {unknown}
Potions
 d - 4 potions of heal wounds
 e - 5 potions of curing
 f - 2 potions of haste
 g - 3 potions of lignification
 i - a potion of degeneration
 t - a potion of berserk rage


   Skills:
 + Level 10.0 Fighting
 * Level 13.5 Axes
 + Level 9.7 Armour
 - Level 2.1 Dodging


You had 9 spell levels left.
You didn't know any spells.
Your spell library was empty.

Dungeon Overview and Level Annotations

Branches:
Dungeon (9/15)             Temple (0/1) D:4          Bailey (1/1)
   Lair: D:8-11         Orc: D:9-12

Altars:
Gozag
Qazlal
Trog

Shops:
D:5 :


Innate Abilities, Weirdness & Mutations

You have a pair of horns on your head.
You reflexively headbutt those who attack you in melee.
You have sharp fingernails.
You are partially covered in iridescent scales. (AC +2)


Message History

You feel as though you will be weak longer.
The gnoll bouda closely misses you.
The gnoll bouda hits you but does no damage.
You hit the gnoll sergeant but do no damage.
You headbutt the gnoll sergeant, but do no damage.
The gnoll sergeant is moderately wounded.
You barely miss the wolf.
The gnoll is no longer moving quickly.
The wolf bites you but does no damage.
The gnoll sergeant hits you but does no damage.
The gnoll closely misses you.
The gnoll sergeant hits you from afar with a +0 halberd.
* * * LOW HITPOINT WARNING * * *
The gnoll sergeant hits you but does no damage.
The wolf bites you but does no damage.
The gnoll bouda barks out a call to the hunt!
The gnolls pick up the pace!
The gnoll bouda hits you but does no damage.
As you read the scroll of teleportation, it crumbles to dust.
You feel strangely unstable.
The gnoll is no longer moving quickly.
The gnoll sergeant is no longer moving quickly.
The wolf bites you.
* * * LOW HITPOINT WARNING * * *
The gnoll sergeant hits you with a +0 glaive.
* * * LOW HITPOINT WARNING * * *
The gnoll hits you but does no damage.
The gnoll sergeant hits you from afar with a +0 halberd.
* * * LOW HITPOINT WARNING * * *
The gnoll sergeant hits you from afar with a +0 halberd.
* * * LOW HITPOINT WARNING * * *
The wolf bites you but does no damage.
The gnoll bouda hits you but does no damage.
The gnoll bouda barely misses you. The gnoll sergeant barely misses you.
The gnoll barely misses you. The wolf bites you but does no damage.
The gnoll bouda barks out a call to the hunt!
The gnoll sergeant picks up the pace!
The gnoll sergeant hits you from afar with a +0 glaive!
* * * LOW HITPOINT WARNING * * *
The gnoll sergeant hits you from afar with a +0 halberd.
You die...

♣♣♣♣♣♣♣♣♣♣♣♣
≈≈≈≈≈≈≈≈≈≈≈
..........
.......
#...#####
#..@#)g.##
+.).hggg.#
#...#gg...#
##'##gh..8#
##...##....#
##.....##...#
#.......#...#
#...8)..# ..#
#...)...# ..#


You could see 3 gnoll sergeants, 2 wolves, 2 gnoll boudas and a gnoll (swift).

Vanquished Creatures
  A wyvern (D:9)
  6 yaks (D:9)
  3 steam dragons
  4 ice beasts
  A sky beast (D:7)
  4 orc warriors
  An ogre (D:6)
  4 centaurs
  A phantom (D:5)
  5 kobold brigands
  A bullfrog (D:7)
  2 gnoll sergeants
  4 scorpions
  10 wights (D:7)
  2 jellies
  6 hounds
  4 gnoll boudas
  8 orc priests
  3 iguanas
  16 orc wizards
  Robin (D:2)
  14 gnolls
  8 adders
  A white imp (D:6)
  3 ufetubi
  2 worms
  4 dart slugs
  31 orcs
  9 ball pythons
  9 endoplasms
  2 giant cockroaches
  10 hobgoblins
  12 jackals (D:1)
  27 kobolds
  2 quokkas (D:2)
  7 bats
  5 frilled lizards
  20 goblins
  3 rats
256 creatures vanquished.

Vanquished Creatures (others)
  An orc wizard (D:7)
1 creature vanquished.

Grand Total: 257 creatures vanquished

Notes
Turn   | Place    | Note
-------+----------+-------------------------------------------
     0 | D:1      | groovy9 the Minotaur Berserker began the quest for the Orb.
     0 | D:1      | Reached XP level 1. HP: 19/19 MP: 0/0
   111 | D:1      | Reached skill level 4 in Axes
   111 | D:1      | Reached XP level 2. HP: 27/27 MP: 1/1
   473 | D:1      | Reached ** piety under Trog
   481 | D:1      | Reached XP level 3. HP: 32/33 MP: 2/2
   696 | D:1      | Gained mutation: You are partially covered in iridescent
                  | scales. (AC +2) [potion of mutation]
   696 | D:1      | Gained mutation: You have sharp fingernails. [potion of
                  | mutation]
   825 | D:2      | Noticed Robin
   841 | D:2      | Killed Robin
   961 | D:2      | Reached XP level 4. HP: 37/40 MP: 3/3
   965 | D:2      | Reached skill level 5 in Axes
  1611 | D:3      | Reached XP level 5. HP: 47/47 MP: 4/4
  1955 | D:3      | Found a bloodstained altar of Trog.
  1996 | D:3      | Found a faded altar of an unknown god.
  2146 | D:3      | Reached *** piety under Trog
  2219 | D:4      | Reached skill level 6 in Axes
  2431 | D:4      | Reached skill level 5 in Fighting
  2484 | D:4      | Reached XP level 6. HP: 56/56 MP: 5/5
  2486 | D:4      | Found a staircase to the Ecumenical Temple.
  2659 | D:4      | Reached skill level 7 in Axes
  3111 | D:5      | Entered Level 5 of the Dungeon
  3126 | D:5      | Found Xyroy's Book Shop.
  3137 | D:5      | Reached skill level 5 in Armour
  3137 | D:5      | Reached XP level 7. HP: 62/62 MP: 6/6
  3272 | D:5      | Found an opulent altar of Gozag.
  3445 | D:5      | Reached skill level 8 in Axes
  3734 | D:5      | Identified a scroll of acquirement
  3734 | D:5      | Acquired the +8 plate armour of Xainnoap {+Inv Int+4
                  | Stlth+}
  3777 | D:6      | Reached XP level 8. HP: 66/71 MP: 5/7
  3869 | D:6      | Found a stormy altar of Qazlal.
  3919 | D:6      | Reached skill level 9 in Axes
  3979 | D:6      | Reached **** piety under Trog
  4356 | D:6      | Reached skill level 10 in Axes
  4778 | D:7      | Reached XP level 9. HP: 81/81 MP: 8/8
  4867 | D:7      | Reached skill level 11 in Axes
  5779 | D:8      | Reached skill level 12 in Axes
  6169 | D:8      | Reached ***** piety under Trog
  6660 | D:9      | Reached XP level 10. HP: 91/91 MP: 9/9
  6677 | D:9      | Reached skill level 13 in Axes
  6789 | D:9      | Found a flagged portal.
  6810 | Bailey   | Entered a bailey
  6839 | Bailey   | Reached skill level 10 in Fighting
  6953 | Bailey   | HP: 4/93 [gnoll sergeant/+0 glaive (9)]
  6953 | Bailey   | Slain by a gnoll sergeant

Illustrated notes

Levels and vault maps discovered:
D:1:      dpeg_arrival_round_a, layout_loops_ring
D:2:      layout_basic, uniq_robin
D:3:      layout_rooms, trog_hazing_becter, shapermc_ecumenical_altar_ellora
D:4:      layout_cave_pods, minmay_temple_entry_junction, saegor_snake_ambush
D:5:      layout_basic, grunt_gozag_statues, serial_shops, shop
D:6:      cheibrodos_thug_alley, layout_loops_ring,
          mainiacjoe_overflow_brackets, glass_columns_a
D:7:      layout_cave_pods
D:8:      layout_basic, serial_glass, glass_columns_b, glass_columns_a,
          glass_columns_c, glass_columns_b, glass_columns_a, glass_columns_b,
          glass_columns_a, glass_columns_c, glass_columns_a, glass_columns_a,
          glass_columns_c, glass_columns_a, glass_columns_b, glass_columns_a,
          minmay_strange_pillars, feat_on_display, due_unseen_surprise,
          feat_on_display, chequers_serial_rivers_large_a
D:9:      minmay_razor_zed, layout_loops_ring, enter_bailey_5
Bailey:   bailey_polearm_gnolls_kennysheep, bailey

Skill      XL: |  1  2  3  4  5  6  7  8  9 10 |
---------------+-------------------------------+-----
Axes           | 4 5 6 7 8 10 12 13 | 13.5
Fighting       | 4 5 6 7 9 10 | 10.0
Armour         | 3 4 5 6 7 9 |  9.7
Dodging        | |  2.1

Action                     |  1- 3 |  4- 6 |  7- 9 | 10-12 || total
---------------------------+-------+-------+-------+-------++-------
  Melee: Hand axe          |    66 |    83 |       |       ||   149
         Headbutt          |     2 |    22 |    46 |    19 ||    89
         War axe           |       |    95 |   315 |    89 ||   499
         Punch             |       |     2 |     3 |     2 ||     7
 Invoke: Berserk           |     3 |     2 |     3 |     2 ||    10
         Trog's Hand       |     1 |     2 |     2 |     2 ||     7
    Use: Scroll            |     2 |     7 |     9 |     1 ||    19
         Potion            |     1 |     2 |     4 |       ||     7
 Armour: Animal skin       |    32 |     3 |       |       ||    35
         Chain mail        |       |    85 |    29 |       ||   114
         Plate armour      |       |       |   228 |   137 ||   365
  Dodge: Dodged            |    39 |    85 |   134 |    85 ||   343
